 Dungeon Crawl Stone Soup version 0.26-a0-497-g0187308201 (webtiles) character file.

Game seed: 17624675838258322335

0 MrRokkomies the Ducker (level 1, -4/10 HPs)
             Began as a Felid Abyssal Knight on Aug 6, 2020.
             Was a Follower of Lugonu.
             Slain by an orange demon (14 damage)
             ... on level 1 of the Abyss.
             The game lasted 00:00:23 (123 turns).

MrRokkomies the Ducker (Felid Abyssal Knight)        Turns: 123, Time: 00:00:23

Health: -4/10      AC:  1    Str:  8    XL:     1   Next: 0%
Magic:  3/3        EV: 18    Int: 13    God:    Lugonu [*.....]
Gold:   11         SH:  0    Dex: 15    Spells: 0/0 levels left
                                        Lives:  0   Deaths: 0

rFire    . . .     SeeInvis +     - Unarmed
rCold    . . .     Faith    .   (shield unavailable)
rNeg     . . .     Spirit   .   (armour unavailable)
rPois    .         Reflect  .   (helmet unavailable)
rElec    .         Harm     .   (cloak unavailable)
rCorr    .                      (gloves unavailable)
MR       .....                  (boots unavailable)
Stlth    ++........             (no amulet)
HPRegen  0.03/turn              (no ring)
MPRegen  0.08/turn              (no ring)

@: quick
A: very small, no armour, no weapons or thrown items, stealth, claws 1, fangs 3,
see invisible, speed 1, shaggy fur 1, sharp paws
a: Depart the Abyss, Renounce Religion


You were on level 1 of the Abyss.
You worshipped Lugonu.
Lugonu was aware of your devotion.
You visited 0 branches of the dungeon, and saw 0 of its levels.
You visited the Abyss 1 time.

You collected 11 gold pieces.

You aren't carrying anything.


   Skills:
 + Level 3.0 Fighting
 + Level 3.2 Dodging
 + Level 2.0 Unarmed Combat
 + Level 1.7 Invocations


You couldn't memorise any spells.
You didn't know any spells.
Your spell library was empty.

Dungeon Overview and Level Annotations

Branches:
Dungeon (0/15)

Altars:


Innate Abilities, Weirdness & Mutations

You cannot wear armour.
You are incapable of wielding weapons or throwing items.
Your paws allow you to move quietly. (Stealth)
You have sharp claws.
You have razor-sharp teeth.
You have supernaturally acute eyesight. (SInv)
You cover ground quickly.
You are covered in fur. (AC +1)
Your sharp claws are effective at attacking unaware monsters.


Message History

Will you be the one to retrieve the awesome Orb of Zot from the depths?
Lugonu says: Depart the Abyss and spread corruption, my servant! (use the ability menu to exit the Abyss) Press ? for a list of commands and other information.
Found a corrupted altar of Lugonu.
Found a dagger.
Found a gateway leading out of the Abyss.
You now have 11 gold pieces.
A large abomination comes into view.
Found a gateway leading out of the Abyss.
A tentacled starspawn comes into view.
Tentacles burst from the starspawn's body! 2 starspawn tentacles come into view.
A raiju comes into view.
The raiju barks!
You hear a screech!
An orange demon comes into view.
Found a scroll labeled FYIHEB VI SIET.
The raiju closely misses you. The orange demon stings you!
Ouch! That really hurt!
You die...

.##.
.##....#
#.#..#..#
#####W###
. #..# ..
#.#.###
..
#.#.#..##
.#
#.##.#..#
.. #
#.#.##.#
#.#h@.#
..#.#4#
#....#..
##...
.#..
.#.#. #
...
..#.?# ..
.##### .
.?


You could see an orange demon, a freezing wraith and a raiju.

Vanquished Creatures (others)
  2 starspawn tentacles (Abyss:1)
2 creatures vanquished.

Notes
Turn   | Place    | Note
-------+----------+-------------------------------------------
     0 | Abyss:1  | MrRokkomies the Felid Abyssal Knight began the quest for
                  | the Orb.
     0 | Abyss:1  | Reached XP level 1. HP: 10/10 MP: 3/3
    56 | Abyss:1  | Noticed a large abomination
    80 | Abyss:1  | Noticed a large abomination
   104 | Abyss:1  | Noticed a tentacled starspawn
   115 | Abyss:1  | Noticed a freezing wraith
   120 | Abyss:1  | Noticed a raiju
   121 | Abyss:1  | Noticed an orange demon
   123 | Abyss:1  | Slain by an orange demon

Illustrated notes

Levels and vault maps discovered:
Abyss:1:  hangedman_eye_storm, minivault_13

Action                   || total
-------------------------++-------
Dodge: Dodged            ||     1

Table legend: (Time is in decaauts)
 A = Elapsed time spent in this place.
 B = Non-inter-level travel time spent in this place.
 C = Inter-level travel time spent in this place.
 D = Time resting spent in this place.
 E = Time spent auto-exploring this place.
 F = Levels seen in this place.
 G = Mean time per level.
                   A        B        C        D        E       F      G
               +--------+--------+--------+--------+--------+-----+--------+
         Total |     98 |     98 |      0 |      0 |     45 |   1 |   98.0 |
         Abyss |     98 |     98 |      0 |      0 |     45 |   1 |   98.0 |
               +--------+--------+--------+--------+--------+-----+--------+

Top non-repeatable levels by time:
 Abyss:1: 98 daAuts
